 Dungeon Crawl Stone Soup version 0.31.0-12-g77e489cdc1 (webtiles) character file.

Game seed: 11158104122793969748

33 NotaViper the Grave Robber (level 3, -1/24 HPs)
             Began as a Merfolk Necromancer on Feb 28, 2024.
             Slain by a ribbon worm (8 damage)
             ... on level 3 of the Dungeon on Feb 29, 2024.
             The game lasted 00:15:39 (1858 turns).

NotaViper the Grave Robber (Merfolk Necromancer)    Turns: 1858, Time: 00:15:40

Health: -1/24      AC:  2    Str: 11    XL:     3   Next: 29%
Magic:  6/6        EV: 12    Int: 16    God:
Gold:   159        SH:  0    Dex: 14    Spells: 3/7 levels left

rFire   . . .        c - +0 club
rCold   . . .        (no shield)
rNeg    . . .        r - +0 robe of Qazlal's Esteem {Str+3}
rPois   .            (no helmet)
rElec   .            (no cloak)
rCorr   .            (no gloves)
SInv    .            (no boots)
Will    .....        (no amulet)
Stlth   ++           (no ring)
HPRegen 0.24/turn    (no ring)
MPRegen 0.10/turn

%: no passive effects
@: no status effects
A: (nimble swimmer 2), mertail
a: no special abilities


You were on level 3 of the Dungeon.
You visited 1 branch of the dungeon, and saw 3 of its levels.

You collected 159 gold pieces.

Inventory:

Hand Weapons
 c - a +0 club (weapon)
 h - a +0 dagger
Missiles
 i - 19 stones
 t - 8 poisoned darts
 u - 6 atropa-tipped darts
 w - 5 boomerangs
Armour
 a - a +0 robe
 d - a +0 leather armour
 m - a +0 chain mail
 p - a +0 chain mail
 q - a +0 ring mail
 r - the +0 robe of Qazlal's Esteem (worn) {Str+3}
   (You found it on level 2 of the Dungeon)

   Str+3:     It affects your strength (+3).
 s - a +0 leather armour
Scrolls
 f - a scroll of amnesia {unknown}
 j - a scroll of immolation {unknown}
 l - a scroll of poison {unknown}
 n - 2 scrolls of identify {unknown}
 x - a scroll of enchant weapon {unknown}
 y - a scroll of teleportation {unknown}
Potions
 b - a potion of magic
 e - a potion of degeneration {unknown}
 g - 2 potions of heal wounds {unknown}
 k - a potion of curing {unknown}
 o - a potion of ambrosia {unknown}
 v - a potion of enlightenment {unknown}


   Skills:
 + Level 0.1 Armour
 + Level 2.8 Dodging
 + Level 2.2 Stealth
 + Level 2.5 Spellcasting
 + Level 3.7 Necromancy


You had 3 spell levels left.
You knew the following spells:

 Your Spells              Type           Power      Damage    Failure   Level
a - Necrotise             Necr           56%        1d6       4%          1
b - Vampiric Draining     Necr           14%        2d7       12%         3

Your spell library contained the following spells:

 Spells                   Type           Power      Damage    Failure   Level
 Lesser Beckoning         Tloc           4%         N/A       30%         2
 Gell's Gravitas          Tloc           2%         N/A       52%         3
 Hailstorm                Conj/Ice       2%         3d5       52%         3
 Summon Ice Beast         Ice/Summ       2%         N/A       52%         3
 Teleport Other           Tloc           2%         N/A       52%         3
 Animate Dead             Necr           14%        N/A       38%         4
 Curse of Agony           Necr           14%        N/A       75%         5
 Sculpt Simulacrum        Ice/Alch       1%         N/A       100%        6


Dungeon Overview and Level Annotations

Branches:
Dungeon (3/15)

Altars:


Innate Abilities, Weirdness & Mutations

((You are very nimble when in or above water. (Stealth+, EV+, Speed+++)))
Your lower body shifts to a powerful aquatic tail in water.


Message History

Your kobold skeleton closely misses the ribbon worm.
The ribbon worm barely misses you.
You hit the ribbon worm.
The ribbon worm is heavily wounded.
Your kobold skeleton hits the ribbon worm.
The ribbon worm misses you.
You barely miss the ribbon worm.
The ribbon worm is heavily wounded.
Your kobold skeleton hits the ribbon worm.
The ribbon worm misses you.
You barely miss the ribbon worm.
The ribbon worm is heavily wounded.
Your kobold skeleton hits the ribbon worm but does no damage.
The ribbon worm barely misses you.
You hit the ribbon worm.
The ribbon worm is heavily wounded.
The ribbon worm bites you.
Your kobold skeleton hits the ribbon worm.
You hit the ribbon worm but do no damage.
The ribbon worm is heavily wounded.
Your kobold skeleton hits the ribbon worm but does no damage.
The ribbon worm closely misses you.
You hit the ribbon worm.
The ribbon worm is heavily wounded.
The ribbon worm expels a string of sticky webbing.
The stream of webbing misses you.
Your kobold skeleton barely misses the ribbon worm.
You hit the ribbon worm.
The ribbon worm is heavily wounded.
The ribbon worm barely misses you.
Your kobold skeleton hits the ribbon worm.
You hit the ribbon worm.
The ribbon worm is severely wounded.
Your kobold skeleton crumbles into dust!
The ribbon worm bites you!
* * * LOW HITPOINT WARNING * * *
You hit the ribbon worm.
The ribbon worm is severely wounded.
The ribbon worm bites you!
You die...

.##########.### .#
..............# #.# #
..########..#.###.# ..##.
..#######...#..##.###..#..
.........................
..##..)....#.......#.....
.##...†.#......#.....)#..
.##...#.†...#.....#.....#
.#...#....#....#@w..#....
+).#...#...#...#...#...#
..#...#..#..#..#..#..#..#
...#.#.#.#.#.#.#.#.#.# #.
...#.##.##.##.###.##.# ..
# ###.###.# #.# . ##.####
### ## ###


You could see a ribbon worm.

Vanquished Creatures
  6 ball pythons
  3 bats
  An endoplasm (D:1)
  2 giant cockroaches (D:1)
  A goblin (D:1)
  2 hobgoblins
  2 jackals (D:1)
  2 quokkas
  A frilled lizard (D:3)
  6 kobolds
  4 rats
30 creatures vanquished.

Vanquished Creatures (collateral kills)
  An endoplasm (D:1)
1 creature vanquished.

Grand Total: 31 creatures vanquished

Notes
Turn   | Place    | Note
-------+----------+-------------------------------------------
     0 | D:1      | NotaViper the Merfolk Necromancer began the quest for the
                  | Orb.
     0 | D:1      | Reached XP level 1. HP: 13/13 MP: 3/3
   145 | D:1      | Reached XP level 2. HP: 19/19 MP: 1/5
  1054 | D:2      | Identified the +0 robe of Qazlal's Esteem {Str+3}
  1122 | D:2      | Reached XP level 3. HP: 14/24 MP: 6/6
  1549 | D:2      | Learned a level 3 spell: Vampiric Draining
  1858 | D:3      | Slain by a ribbon worm

Illustrated notes

Levels and vault maps discovered:
D:1:      onia_arrival_handbag, layout_basic, patterned_corridor
D:2:      layout_rooms
D:3:      layout_loops_corners, xom_butterflies, serial_shops, shop,
          hellmonk_ecumenical_altar_defaced_shrine, fountainhead,
          minmay_increasing_density

Action                     || total
---------------------------++-------
  Melee: Club              ||   108
         Punch             ||     2
   Cast: Necrotise         ||    38
         Vampiric Draining ||     1
 Armour: Robe              ||    21
         Chain mail        ||   107
         Leather armour    ||    14
         Skin              ||     4
  Dodge: Dodged            ||    70
